 Dungeon Crawl Stone Soup version 0.29.1-15-g9cfb28693d (webtiles) character file.

Game seed: 8877259321279473636

21 Parcival the Conjurer (level 3, -8/24 HPs)
             Began as a Human Conjurer on Mar 12, 2023.
             Mangled by Terence
             ... wielding a +3 mace of protection
              (9 damage)
             ... on level 2 of the Dungeon.
             The game lasted 00:02:59 (1081 turns).

Parcival the Conjurer (Human Conjurer)              Turns: 1081, Time: 00:03:01

Health: -8/24      AC:  2    Str:  7    XL:     3   Next: 2%
Magic:  3/6        EV: 12    Int: 20    God:
Gold:   61         SH:  0    Dex: 11    Spells: 5/6 levels left

rFire   . . .      SeeInvis .   d - +0 dagger
rCold   . . .      Faith    .   (no shield)
rNeg    . . .      Spirit   .   a - +0 robe
rPois   .          Reflect  .   (no helmet)
rElec   .          Harm     .   (no cloak)
rCorr   .          Rampage  .   (no gloves)
Will    .....                   (no boots)
Stlth   ++........              (no amulet)
HPRegen 0.08/turn               (no ring)
MPRegen 0.10/turn               (no ring)

@: no status effects
A: no striking features
a: no special abilities


You were on level 2 of the Dungeon.
You visited 1 branch of the dungeon, and saw 2 of its levels.

You collected 61 gold pieces.

Inventory:

Hand Weapons
 d - a +0 dagger (weapon)
Armour
 a - a +0 robe (worn)
Potions
 b - a potion of magic


   Skills:
 + Level 2.1 Dodging
 + Level 2.1 Stealth
 + Level 2.2 Spellcasting
 + Level 4.5 Conjurations


You had 5 spell levels left.
You knew the following spells:

 Your Spells              Type           Power      Damage    Failure   Level
a - Magic Dart            Conj           80%        1d7       2%          1

Your spell library contained the following spells:

 Spells                   Type           Power      Damage    Failure   Level
 Searing Ray              Conj           40%        2d5       3%          2
 Dazzling Flash           Conj/Hex       22%        N/A       19%         3
 Fulminant Prism          Conj/Hex       5%         3d7       52%         4
 Iskenderun's Mystic Bla  Conj/Tloc      11%        2d4       52%         4


Dungeon Overview and Level Annotations

Branches:
Dungeon (2/15)

Altars:

Annotations:
D:2 Terence


Message History

You kill the bat!
Terence and a bat come into view.
Terence is wielding a +3 mace of protection.
Casting: Magic Dart (safe; 2% risk of failure)
Confirm with . or Enter, or press ? or * to list all spells.
Aiming: Magic Dart (safe; 2% risk of failure)
Press: ? - help, Shift-Dir - straight line, f - Terence
Aim: Terence, wielding a +3 mace of protection and wearing a +0 scale mail (asleep, 100% to hit)
The magic dart hits Terence but does no damage.
Terence shouts!
Terence attacks as you move away! Terence completely misses you.
Terence attacks as you move away! Terence barely misses you.
Casting: Magic Dart (safe; 2% risk of failure)
Confirm with . or Enter, or press ? or * to list all spells.
Aiming: Magic Dart (safe; 2% risk of failure)
Press: ? - help, Shift-Dir - straight line, f/p - Terence
Aim: Terence, wielding a +3 mace of protection and wearing a +0 scale mail (100% to hit)
The magic dart hits Terence but does no damage.
Terence hits you with a +3 mace of protection!
Casting: Magic Dart (safe; 2% risk of failure)
Confirm with . or Enter, or press ? or * to list all spells.
Aiming: Magic Dart (safe; 2% risk of failure)
Press: ? - help, Shift-Dir - straight line, f/p - Terence
Aim: Terence, wielding a +3 mace of protection and wearing a +0 scale mail (100% to hit)
The magic dart hits Terence but does no damage.
Terence hits you with a +3 mace of protection!
You aren't carrying any scrolls.
Terence hits you with a +3 mace of protection.
* * * LOW HITPOINT WARNING * * *
Terence hits you with a +3 mace of protection.
* * * LOW HITPOINT WARNING * * *
Casting: Magic Dart (safe; 2% risk of failure)
Confirm with . or Enter, or press ? or * to list all spells.
Aiming: Magic Dart (safe; 2% risk of failure)
Press: ? - help, Shift-Dir - straight line, f/p - Terence
Aim: Terence, wielding a +3 mace of protection and wearing a +0 scale mail (100% to hit)
The magic dart hits Terence.
Terence is lightly wounded.
Terence hits you with a +3 mace of protection!
You die...

...# #...#...#######
...# #..<..#.......#
...###.#.###.......#
..†##..#.#.........#
.......#.#.#.......#
..>....#.#.#.......#
########.#.#.......#
.#.........#
.####...@..#
####@### #b..#
#.#.##### ###.....#
....b...###.#
#######.# #.. ...


You could see Terence and a bat.

Vanquished Creatures
  2 ball pythons (D:1)
  3 bats
  3 endoplasms
  2 goblins (D:1)
  2 hobgoblins (D:1)
  A quokka (D:1)
  2 kobolds (D:1)
  3 rats (D:1)
18 creatures vanquished.

Notes
Turn   | Place    | Note
-------+----------+-------------------------------------------
     0 | D:1      | Parcival the Human Conjurer began the quest for the Orb.
     0 | D:1      | Reached XP level 1. HP: 13/13 MP: 3/3
    51 | D:1      | Found a faded altar of an unknown god.
   230 | D:1      | Reached XP level 2. HP: 19/19 MP: 1/5
  1030 | D:2      | Reached XP level 3. HP: 24/24 MP: 4/6
  1071 | D:2      | Noticed Terence
  1079 | D:2      | HP: 1/24 [Terence/+3 mace of protection (4)]
  1081 | D:2      | Mangled by Terence

Illustrated notes

Levels and vault maps discovered:
D:1:      dpeg_arrival_simpleton_b, layout_basic, basic_ecumenical_altar
D:2:      layout_basic, uniq_terence, uniq_jessica, uniq_crazy_yiuf_cottage

Action                   || total
-------------------------++-------
Melee: Dagger            ||     8
 Cast: Magic Dart        ||    29
  Use: Scroll            ||     1
 Stab: Sleeping          ||     1
Dodge: Dodged            ||     5
